 Dungeon Crawl Stone Soup version 0.30-a0-1074-g5db6f66fbb (webtiles) character file.

Game seed: 1631129108146899832

722 pokedragonboy the Chopper (level 7, -2/61 HPs)
             Began as a Minotaur Chaos Knight on Apr 13, 2023.
             Was a Plaything of Xom.
             Slain by a centaur (6 damage)
             ... on level 5 of the Dungeon.
             The game lasted 00:05:33 (2707 turns).

pokedragonboy the Chopper (Minotaur Chaos Knight)   Turns: 2707, Time: 00:05:34

Health: -2/61      AC:  4    Str: 19    XL:     7   Next: 43%
Magic:  6/6        EV: 11    Int:  9    God:    Xom [*.....]
Gold:   196        SH:  0    Dex: 15    Spells: 6/6 levels left

rFire   . . .      SeeInvis .    a - +0 hand axe (chaos)
rCold   . . .      Faith    .    (no shield)
rNeg    . . .      Spirit   .    m - +2 leather armour {Will+}
rPois   +          Reflect  .    (helmet restricted)
rElec   .          Rampage  .    (no cloak)
rCorr   .          Rnd*Tele +    (no gloves)
Will    +....                    (no boots)
Stlth   +                        (no amulet)
HPRegen 0.30/turn                i - +6 ring of dexterity
MPRegen 0.10/turn                k - ring of wizardry

@: hasted, very quick
A: horns 2, retaliatory headbutt, deformed body, poison resistance, teleportitis
1, inability to read after injury 1
a: Renounce Religion


You were on level 5 of the Dungeon.
You worshipped Xom.
You were a special plaything of Xom.
You visited 1 branch of the dungeon, and saw 6 of its levels.

You collected 196 gold pieces.

Inventory:

Hand Weapons
 a - a +0 hand axe of chaos (weapon)
Armour
 m - a +2 leather armour of willpower (worn)
Jewellery
 i - a +6 ring of dexterity (left hand)
 k - a ring of wizardry (right hand)
Scrolls
 b - 2 scrolls of amnesia {unknown}
 g - a scroll of identify
 n - 2 scrolls of noise {unknown}
 o - 2 scrolls of enchant weapon
Potions
 d - a potion of degeneration {unknown}
 e - 2 potions of brilliance
 h - a potion of berserk rage {unknown}
 j - a potion of might {unknown}
Miscellaneous
 c - a piece from Xom's chessboard (9/15) (quivered)


   Skills:
 + Level 5.4 Fighting
 * Level 6.7 Axes
 * Level 6.1 Armour
 - Level 1.1 Dodging
 + Level 2.6 Evocations


You had 6 spell levels left.
You didn't know any spells.
Your spell library contained the following spells:

 Spells                   Type           Power      Damage    Failure   Level
 Call Canine Familiar     Summ           0%         N/A       45%         3
 Portal Projectile        Hex/Tloc       0%         N/A       45%         3
 Leda's Liquefaction      Hex/Erth       0%         N/A       86%         4


Dungeon Overview and Level Annotations

Branches:
Dungeon (6/15)
 Temple: D:4-7

Altars:
Hepliaklqana
Okawaru
Sif Muna
Yredelemnul


Innate Abilities, Weirdness & Mutations

You have a pair of horns on your head.
You reflexively headbutt those who attack you in melee.
Armour fits poorly on your strangely shaped body.
Your system is resistant to poisons. (rPois)
You are occasionally teleported next to monsters.
You occasionally lose the ability to read scrolls when taking damage.


Message History

You are too injured to fight recklessly!
Found a stone staircase leading up.
There is a stone staircase leading up here.
You climb upwards.
The orc wizard shouts! x2; The centaur shouts!
The adder hisses angrily.
The orc shouts!
Found an iron altar of Okawaru.
There is a stone staircase leading down here.
You closely miss the orc wizard. You barely miss the orc wizard.
Unknown command.
You hit the orc wizard. You burn the orc wizard.
The orc wizard is heavily wounded.
You hit the orc wizard.
The orc wizard suddenly seems more resistant.
An orc comes into view. It is wielding a +0 dagger.
The orc wizard hits you with a +0 dagger.
* * * LOW HITPOINT WARNING * * *
The orc wizard hits you with a +0 dagger.
* * * LOW HITPOINT WARNING * * *
Unknown command.
You closely miss the orc wizard.
The orc shouts!
Your headbutt misses the orc wizard.
The orc wizard is moderately wounded.
You hit the orc but do no damage. You closely miss the orc wizard.
Unknown command.
You hit the orc wizard. You headbutt the orc wizard.
You kill the orc wizard!
You barely miss the orc.
You hit the orc wizard but do no damage.
The orc wizard points at you and mumbles some strange words.
The puff of flame hits you!
* * * LOW HITPOINT WARNING * * *
The orc hits you with a +0 mace.
* * * LOW HITPOINT WARNING * * *
Your piece from Xom's chessboard (9/15) has regained one charge.
You feel as though your hastened speed will last longer.
Xom grants you some temporary aid. The centaur hits you.
You die...

#. .. ##.
.## #..
...#. #..
_.... ..
....#
#.##5..##.
##.oS......
#oo@c......
#.##...#...
# .5## ###


You could see a centaur, an orc wizard (ally target), an adder, 2 orcs, a
friendly iron imp (summoned) and a friendly shadow imp (summoned).

Vanquished Creatures
  Sigmund (D:2)
  An ice beast (D:6)
  A sky beast (D:6)
  An ogre (D:6)
  A scorpion (D:3)
  Jessica (D:2)
  An orc wizard (D:5)
  Natasha (D:2)
  A scorpion zombie (D:3)
  Terence (D:2)
  A hound zombie (D:3)
  3 adders
  3 worms (D:2)
  2 dart slugs (D:2)
  3 orcs (D:3)
  5 endoplasms
  2 giant cockroaches (D:3)
  7 goblins
  3 hobgoblins
  2 jackals (D:3)
  A quokka (D:2)
  3 ball pythons
  A ball python zombie (D:3)
  3 bats
  4 frilled lizards
  7 kobolds
  3 rats
63 creatures vanquished.

Notes
Turn   | Place    | Note
-------+----------+-------------------------------------------
     0 | D:1      | pokedragonboy the Minotaur Chaos Knight began the quest for
                  | the Orb.
     0 | D:1      | Reached XP level 1. HP: 19/19 MP: 0/0
    15 | D:1      | XOM: silly message
   427 | D:1      | Reached XP level 2. HP: 27/27 MP: 1/1
   699 | D:1      | XOM: summons 2 hostile demons
   834 | D:2      | Noticed Sigmund
   842 | D:2      | Killed Sigmund
   843 | D:2      | Reached skill level 5 in Axes
   843 | D:2      | Reached skill level 1 in Evocations
   843 | D:2      | Reached XP level 3. HP: 34/34 MP: 2/2
   843 | D:2      | Reached XP level 4. HP: 41/41 MP: 3/3
   843 | D:2      | Reached XP level 5. HP: 47/47 MP: 4/4
   896 | D:2      | Noticed Jessica
   903 | D:2      | Killed Jessica
  1193 | D:2      | Noticed Natasha
  1202 | D:2      | Killed Natasha
  1272 | D:2      | XOM: 8-stop teleportation journey
  1474 | D:2      | Noticed Terence
  1484 | D:2      | Killed Terence
  1485 | D:2      | Reached XP level 6. HP: 32/53 MP: 5/5
  1561 | D:2      | Found a hazy altar of Hepliaklqana.
  1663 | D:2      | XOM: silly message
  1699 | D:2      | Found a faded altar of an unknown god.
  1881 | D:3      | XOM: polymorph ball python -> goblin
  1948 | D:3      | Found a shimmering blue altar of Sif Muna.
  2021 | D:3      | Found a basalt altar of Yredelemnul.
  2031 | D:3      | Reached skill level 5 in Armour
  2269 | D:3      | XOM: give mutations
  2269 | D:3      | Gained mutation: Armour fits poorly on your strangely
                  | shaped body. [Xom's mischief]
  2269 | D:3      | Gained mutation: You occasionally lose the ability to read
                  | scrolls when taking damage. [Xom's mischief]
  2324 | D:3      | XOM: give mutations
  2324 | D:3      | Gained mutation: Your system is resistant to poisons.
                  | (rPois) [Xom's mischief]
  2324 | D:3      | Gained mutation: You are occasionally teleported next to
                  | monsters. [Xom's mischief]
  2428 | D:3      | Reached skill level 5 in Fighting
  2604 | D:4      | You fall into a shaft and drop 2 floors!
  2607 | D:6      | Noticed an ice beast
  2622 | D:6      | Killed an ice beast
  2623 | D:6      | Reached XP level 7. HP: 57/61 MP: 6/6
  2657 | D:6      | XOM: butterfly on damage
  2671 | D:6      | HP: 3/61 [something (5)]
  2676 | D:6      | HP: 2/61 [something (5)]
  2702 | D:5      | Entered Level 5 of the Dungeon
  2702 | D:5      | Found an iron altar of Okawaru.
  2707 | D:5      | XOM: summons 2 friendly demons
  2707 | D:5      | Slain by a centaur

Illustrated notes

Levels and vault maps discovered:
D:1:      dpeg_arrival_yet_another_circle, layout_basic,
          hangedman_decor_clover_reticule
D:2:      layout_basic, basic_altar, shapermc_ecumenical_altar_acropolis,
          uniq_jessica, uniq_sigmund, uniq_natasha, uniq_terence
D:3:      layout_loops_ring, nicolae_yredelemnul_corpse_copse,
          overflow_temple_1_default
D:4:      layout_basic, general_overflow_altar, minmay_liquid_box,
          minmay_shop_damaged
D:5:      minmay_skewed_foursquare, layout_basic, okawaru_gym_becter,
          nicolae_dithmenos_the_darkroom, serial_shops,
          nicolae_shop_hallway_plus
D:6:      layout_rooms, elyvilon_altar_5, serial_bayou_crossing,
          uniq_blork_the_orc

Skill      XL: |  1  2  3  4  5  6  7 |
---------------+----------------------+-----
Fighting       | 4 5 |  5.4
Axes           | 5 6 |  6.7
Armour         | 4 5 6 |  6.1
Evocations     | 1 2 |  2.6
Dodging        | |  1.1

Action                     |  1- 3 |  4- 6 |  7- 9 || total
---------------------------+-------+-------+-------++-------
  Melee: Hand axe          |    27 |   113 |    21 ||   161
         Headbutt          |     4 |    14 |     5 ||    23
         Punch             |       |     2 |       ||     2
  Evoke: Piece from Xom's  |     2 |     8 |     1 ||    11
    Use: Scroll            |       |     5 |       ||     5
         Potion            |       |       |     5 ||     5
   Stab: Paralysed         |     5 |       |       ||     5
         Confused          |       |     1 |       ||     1
         Sleeping          |       |     1 |       ||     1
 Armour: Leather armour    |     8 |    25 |     7 ||    40
  Dodge: Dodged            |    10 |    53 |     4 ||    67

Table legend: (Time is in decaauts)
 A = Elapsed time spent in this place.
 B = Non-inter-level travel time spent in this place.
 C = Inter-level travel time spent in this place.
 D = Time resting spent in this place.
 E = Time spent auto-exploring this place.
 F = Levels seen in this place.
 G = Mean time per level.
                   A        B        C        D        E       F      G
               +--------+--------+--------+--------+--------+-----+--------+
         Total |   2696 |   2660 |     36 |     77 |   2160 |   6 |  449.3 |
       Dungeon |   2696 |   2660 |     36 |     77 |   2160 |   6 |  449.3 |
               +--------+--------+--------+--------+--------+-----+--------+

Top non-repeatable levels by time:
     D:2: 875 daAuts
     D:3: 851 daAuts
     D:1: 835 daAuts
     D:6: 85 daAuts
     D:4: 45 daAuts
     D:5: 3 daAuts
